 Dungeon Crawl Stone Soup version 0.29.0-15-g675c0067aa (webtiles) character file.

Game seed: 8325789063945062756

9 qw the Sneak (level 2, 0/19 HPs)
             Began as a Gargoyle Delver on Sept 11, 2022.
             Slain by a black bear (3 damage)
             ... on level 4 of the Dungeon.
             The game lasted 00:00:05 (299 turns).

qw the Sneak (Gargoyle Delver)                       Turns: 299, Time: 00:00:05

Health: 0/19       AC:  5    Str: 15    XL:     2   Next: 12%
Magic:  2/2        EV: 11    Int: 10    God:
Gold:   0          SH:  0    Dex: 11    Spells: 1/1 levels left

rFire   . . .      SeeInvis .   Y - +0 hand axe
rCold   . . .      Faith    .   (no shield)
rNeg    + . .      Spirit   .   b - +0 leather armour
rPois   inf        Reflect  .   (no helmet)
rElec   +          Harm     .   (no cloak)
rCorr   .          Rampage  .   (no gloves)
Will    .....                   (no boots)
Stlth   +++.......              (no amulet)
HPRegen 0.06/turn               (no ring)
MPRegen 0.08/turn               (no ring)

@: no status effects
A: sickness immunity, AC +2, negative energy resistance 1, electricity
resistance, torment resistance 1, petrification resistance
a: no special abilities


You were on level 4 of the Dungeon.
You visited 1 branch of the dungeon, and saw 2 of its levels.


Innate Abilities, Weirdness & Mutations

You are immune to sickness and miasma.
Your stone body is resilient. (AC +2)
You are immune to poison.
You resist negative energy. (rN+)
You are resistant to electric shocks. (rElec)
You are resistant to unholy torment.
You are immune to petrification.


   Skills:
 - Level 3.2 Fighting
 + Level 2.5 Axes
 - Level 1.5 Dodging
 - Level 5.4 Stealth


You had one spell level left.
You didn't know any spells.
Your spell library was empty.

Inventory:

Hand Weapons
 Y - a +0 hand axe (weapon)
Armour
 b - a +0 leather armour (worn)
Wands
 g - a wand of digging (3)
Potions
 f - a potion of haste

Dungeon Overview and Level Annotations

Branches:
Dungeon (5/15)
 Temple: D:4-7

Altars:


Message History

The adder is moderately wounded.
The adder completely misses you. The adder bites you.
You miss the adder.
The adder is moderately wounded.
The adder barely misses you.
You hit the adder.
The adder is severely wounded.
The adder bites you. The adder barely misses you.
You hit the adder.
The adder is almost dead.
The adder bites you but does no damage. The adder bites you.
You hit the adder but do no damage.
The adder is severely wounded.
The adder closely misses you.
You barely miss the adder.
The adder is severely wounded.
The adder barely misses you. The adder bites you but does no damage.
You barely miss the adder.
The adder is severely wounded.
The adder barely misses you.
You miss the adder.
The adder is severely wounded.
The adder closely misses you. The adder bites you but does no damage.
You hit the adder.
You kill the adder!
Your Axes skill increases to level 2!
You have reached level 2!
You start resting.
You feel a little less clever now.
A black bear comes into view.
The black bear growls angrily.
You hear a shout!
You barely miss the black bear. The black bear barely misses you.
The black bear claws you. The black bear barely misses you.
The black bear bites you! The black bear claws you.
The black bear completely misses you.
You hit the black bear but do no damage.
The black bear barely misses you. x2; The black bear claws you.
You hit the black bear.
The black bear is lightly wounded.
The black bear bites you.
You die...

#.........#
#.........# .
.........#..
......... .
..........
##....#....
#..h.......
#..@.......
#..%.......
#..........).
#.#..........
# #..........
#.....(####
.......#
.#####..#


You could see a black bear.

Vanquished Creatures
  An adder (D:4)
1 creature vanquished.

Notes
Turn   | Place    | Note
-------+----------+-------------------------------------------
     0 | D:5      | qw the Gargoyle Delver began the quest for the Orb.
     0 | D:5      | Reached XP level 1. HP: 14/14 MP: 1/1
     0 | D:5      | 0 ||| qw: Version: 0.1-a-118-gb4e7ce6
     0 | D:5      | 0 ||| qw: Game counter: 10428
     0 | D:5      | 0 ||| qw: Always use a shield: true
     0 | D:5      | 0 ||| qw: God list: Okawaru
     0 | D:5      | 0 ||| qw: Allow faded altars: false
     0 | D:5      | 0 ||| qw: Do Orc after D:15 true
     0 | D:5      | 0 ||| qw: Do second Lair branch before Depths: true
     0 | D:5      | 0 ||| qw: Lair rune preference: random
     0 | D:5      | 0 ||| qw: Plans: Normal
     0 | D:5      | 0 ||| PLANNING D:1-11
    15 | D:5      | 15 ||| READING scroll labelled BIELED GEXZEORPH.
    16 | D:5      | 16 ||| DRINKING 2 pink potions.
    17 | D:5      | 17 ||| DROPPING scroll of fog.
    18 | D:5      | 18 ||| DROPPING scroll of magic mapping.
    19 | D:5      | 19 ||| DROPPING scroll of fear.
    20 | D:5      | 20 ||| DROPPING potion of brilliance.
    25 | D:5      | 25 ||| FLEEEEING.
    26 | D:5      | 26 ||| FLEEEEING.
    27 | D:5      | 27 ||| FLEEEEING.
    28 | D:5      | 28 ||| STAIRDANCE
    46 | D:4      | HP: 2/14 [adder (2)]
    53 | D:4      | Reached XP level 2. HP: 3/19 MP: 2/2
   290 | D:4      | Noticed a black bear
   298 | D:4      | HP: 3/19 [black bear (3)]
   299 | D:4      | Slain by a black bear

Levels and vault maps discovered:
D:4:      layout_rooms, slow_altar_2, mainiacjoe_overflow_cross_hatched,
          serial_shops, nicolae_shop_hallway_plus, minivault_27
D:5:      layout_rooms, nicolae_elyvilon_peaceful_grove, serial_shops,
          shop_fountains, chequers_serial_rivers_small_3

Skill      XL: |  1 |
---------------+----+-----
Axes           | 2 |  2.5
Fighting       | |  3.2
Dodging        | |  1.5
Stealth        | |  5.4

Action                   || total
-------------------------++-------
Melee: Hand axe          ||    17
  Use: Scroll            ||     1
       Potion            ||     1
Armor: Leather armour    ||     3
Dodge: Dodged            ||    16

Table legend:
 A = Non-vault XP
 B = Vault XP
 C = Vault XP percentage of total XP
 D = Non-vault monster count
 E = Vault monster count
 F = Vault count percentage of total count
                 A         B        C        D         E       F
            +---------+---------+-------+---------+---------+-------
      Total |      13 |       0 |   0.0 |       1 |       0 |   0.0
            +---------+---------+-------+---------+---------+-------
        D:4 |      13 |       0 |   0.0 |       1 |       0 |   0.0
            +---------+---------+-------+---------+---------+-------
